 Dungeon Crawl Stone Soup version 0.24.0-41-g2ae2f7f1be (webtiles) character file.

Game seed: 5240918784979240492, levelgen mode: deterministic

33 Delamore the Chopper (level 3, -1/31 HPs)
             Began as a Hill Orc Fighter on Dec 13, 2019.
             Slain by a gnoll
             ... wielding a +0 halberd
              (10 damage)
             ... on level 2 of the Dungeon.
             The game lasted 00:00:38 (572 turns).

Delamore the Chopper (Hill Orc Fighter)              Turns: 572, Time: 00:00:38

Health: -1/31      AC:  6    Str: 19    XL:     3   Next: 29%
Magic:  3/3        EV:  7    Int:  8    God:
Gold:   39         SH:  9    Dex: 10    Spells: 2/2 levels left

rFire    + . .     SeeInvis .   a - +0 war axe
rCold    + . .     Gourm    .   c - +0 shield
rNeg     . . .     Faith    .   b - +0 scale mail
rPois    .         Spirit   .   (no helmet)
rElec    .         Reflect  .   l - scarf {rC+ rF+}
rCorr    .         Harm     .   (no gloves)
MR       .....                  (no boots)
Stlth    ..........             (no amulet)
HPRegen  0.10/turn              (no ring)
MPRegen  0.08/turn              (no ring)

@: no status effects
A: no striking features
a: no special abilities


You were on level 2 of the Dungeon.
You were not hungry.

You visited 1 branch of the dungeon, and saw 2 of its levels.

You collected 39 gold pieces.

Inventory:

Hand Weapons
 a - a +0 war axe (weapon)
Armour
 b - a +0 scale mail (worn)
 c - a +0 shield (worn)
 l - a scarf of resistance (worn)
Jewellery
 m - a +1 ring of evasion {unknown}
Scrolls
 e - 3 scrolls of identify {unknown}
 g - 2 scrolls of immolation {unknown}
 h - 3 scrolls of teleportation {unknown}
 j - a scroll of amnesia {unknown}
 k - a scroll of fog {unknown}
 q - a scroll of remove curse {unknown}
Potions
 d - a potion of might
 i - a potion of ambrosia {unknown}
 n - a potion of cancellation {unknown}
 o - a potion of agility {unknown}
 p - 2 potions of degeneration {unknown}
Comestibles
 f - 4 rations


   Skills:
 - Level 3.6 Fighting
 + Level 4.9 Axes
 - Level 3.2 Armour
 - Level 3.2 Shields


You had 2 spell levels left.
You didn't know any spells.
Your spell library was empty.

Dungeon Overview and Level Annotations

Branches:
Dungeon (2/15)

Altars:


Message History

You hit the kobold but do no damage.
You hit the leopard gecko but do no damage.
The leopard gecko closely misses you.
The gnoll hits you from afar with a +0 halberd.
The kobold hits you with a cursed -3 dagger.
The gnoll barely misses you.
The leopard gecko bites you but does no damage.
The gnoll closely misses you. You block the giant cockroach's attack.
The kobold hits you but does no damage. You block the leopard gecko's attack.
The gnoll hits you with a +0 halberd!
* * * LOW HITPOINT WARNING * * *
The giant cockroach barely misses you.
You see here a +0 club.
Unknown command.
You slash the gnoll!
The gnoll is almost dead.
You barely miss the giant cockroach. You miss the kobold.
You hit the leopard gecko. You slash the gnoll!
The gnoll hits you with a +0 halberd!
You die...

#...#......#
######.###..#
#...........#
####.####.##...#
..........##...#
###...........#
#.........#.#
####..l..#.....#
.....gK@.#.#####
#####.sgg#.#
.....g.#.#
.........#
####.....#
....... .#.....#
....#####


You could see 2 gnolls, a leopard gecko, a giant cockroach, a hobgoblin, a
goblin and a kobold.

Vanquished Creatures
  A gnoll (D:2)
  A dart slug (D:1)
  A leopard gecko (D:1)
  A goblin (D:1)
  3 hobgoblins (D:1)
  3 jackals (D:1)
  A ball python (D:2)
  3 bats (D:1)
  3 kobolds
  3 rats (D:1)
20 creatures vanquished.

Notes
Turn   | Place    | Note
-------+----------+-------------------------------------------
     0 | D:1      | Delamore the Hill Orc Fighter began the quest for the Orb.
     0 | D:1      | Reached XP level 1. HP: 19/19 MP: 1/1
    62 | D:1      | Reached skill level 3 in Axes
   132 | D:1      | Reached XP level 2. HP: 26/26 MP: 2/2
   170 | D:1      | Reached skill level 4 in Axes
   508 | D:2      | Reached XP level 3. HP: 31/31 MP: 3/3
   572 | D:2      | Slain by a gnoll

Levels and vault maps discovered:
D:1:      dpeg_arrival_lava_altar, layout_rooms, minmay_domino_2
D:2:      layout_basic, dancing_weapons_uskayaw, kennysheep_cross_bottleneck,
          nicolae_gozag_zags_fifth_avenue

Skill      XL: |  1  2 |
---------------+-------+-----
Axes           | 3 4 |  4.9
Fighting       | |  3.6
Armour         | |  3.2
Shields        | |  3.2

Action                   || total
-------------------------++-------
Melee: War axe           ||    53
Armor: Scale mail        ||    36
Dodge: Dodged            ||    33
Block: Shield            ||    54
